 Dungeon Crawl Stone Soup version 0.24-a0-92-g7d8ec57 (webtiles) character file.

Game seed: 13148891910038565594

89 Dantiko the Caller (level 4, 0/30 HPs)
             Began as a Barachi Summoner on Feb 9, 2019.
             Slain by an orc
             ... wielding a +0 club
              (1 damage)
             ... on level 3 of the Dungeon.
             The game lasted 00:12:21 (2158 turns).

Dantiko the Caller (Barachi Summoner)               Turns: 2158, Time: 00:12:21

Health: 0/30       AC:  4    Str: 10    XL:     4   Next: 55%
Magic:  2/8        EV: 12    Int: 16    God:
Gold:   166        SH:  0    Dex: 12    Spells: 1/9 levels left

rFire    . . .     SeeInvis .   f - +0 dagger
rCold    + . .     Gourm    .   (no shield)
rNeg     . . .     Faith    .   g - +0 leather armour {rC+}
rPois    .         Spirit   .   (no helmet)
rElec    .         Reflect  .   l - +0 cloak
rCorr    .         Harm     .   (no gloves)
MR       .....                  (no boots)
Stlth    ++........             (no amulet)
HPRegen  0.10/turn              (no ring)
MPRegen  0.11/turn              (no ring)

@: can't hop, slow
A: +LOS, swims, slowness 1, strong legs 1
a: Hop


You were on level 3 of the Dungeon.
You were not hungry.

You visited 1 branch of the dungeon, and saw 3 of its levels.

You collected 166 gold pieces.

Inventory:

Hand Weapons
 f - a +0 dagger (weapon)
Missiles
 m - 2 throwing nets (quivered)
Armour
 g - a +0 leather armour of cold resistance (worn)
 l - a +0 cloak (worn)
Wands
 r - a wand of disintegration (10)
Scrolls
 b - 3 scrolls of remove curse {unknown}
 h - 2 scrolls of fear {unknown}
 k - 4 scrolls of identify {unknown}
 p - a scroll of blinking {unknown}
 q - a scroll of enchant armour {unknown}
Potions
 a - a potion of brilliance {unknown}
 d - a potion of agility
 e - 2 potions of curing {unknown}
 i - a potion of might {unknown}
 j - 2 potions of degeneration {unknown}
 n - 2 potions of mutation {unknown}
 s - a potion of invisibility {unknown}
Comestibles
 c - 8 rations


   Skills:
 - Level 2.1 Dodging
 - Level 1.7 Stealth
 - Level 3.2 Spellcasting
 - Level 6.4 Summonings
 + Level 0.1 Air Magic


You had one spell level left.
You knew the following spells:

 Your Spells              Type           Power        Failure   Level  Hunger
a - Summon Small Mammal   Summ           ###.         1%          1    None
b - Call Canine Familiar  Summ           ###.....     5%          3    ###....
c - Summon Lightning Spi  Summ/Air       ##......     54%         4    ####...

Your spell library contained the following spells:

 Spells                   Type           Power        Failure   Level  Hunger
 Call Imp                 Summ           ###.....     2%          2    ##.....
 Summon Guardian Golem    Hex/Summ       ##......     21%         3    ###....
 Summon Ice Beast         Ice/Summ       ##......     54%         4    ####...


Dungeon Overview and Level Annotations

Branches:
Dungeon (3/15)

Altars:


Innate Abilities, Weirdness & Mutations

Shadows flee at your approach. (+LOS)
You can swim through water.
You cover ground slowly.
You can hop short distances.


Message History

Your hound barely misses something.
A puff of frost appears from out of thin air!
The puff of frost hits you. You resist.
* * * LOW HITPOINT WARNING * * *
Your hound barely misses something.
Your hound completely misses something.
You see here a stone.
A puff of flame appears from out of thin air!
The puff of flame hits you.
* * * LOW HITPOINT WARNING * * *
Your hound barely misses something.
Your hound bites something.
A magic dart appears from out of thin air!
The magic dart hits your hound.
Your hound bites something but does no damage.
Something hits your hound.
Your hound barely misses something.
Something hits your hound.
Your hound bites something but does no damage.
The orc hits you with a +0 club.
You die...

.......#.#.###...## ##..
##+#...#.#.###.<#####.##.###
.....#..................... .
.......#.#.##.........##..# ...
...รท)..#.#.##....#######..##..#
......#....##.....######......#
##.........##...#.##.....#
#..............#..#.....#
##.............#@........#
#..............#.o..####.#
...............#....####.#
...............####.)....#
...............# #.......#.
##...........#####...........
#.....^.....#........##.#.#.
#...........#........##.# #
#.....#######..oh..#.#


You could see an orc.

Vanquished Creatures
  Natasha (D:2)
  A worm (D:2)
  A goblin (D:3)
  A jackal (D:2)
  A bat (D:2)
  4 kobolds
  4 rats
13 creatures vanquished.

Vanquished Creatures (collateral kills)
  6 adders
  3 worms
  A leopard gecko (D:1)
  An orc (D:3)
  A ball python (D:3)
  2 bats
  4 giant cockroaches
  4 goblins
  4 hobgoblins
  2 jackals (D:2)
  2 frilled lizards (D:3)
  3 kobolds
  4 rats
37 creatures vanquished.

Grand Total: 50 creatures vanquished

Notes
Turn   | Place    | Note
-------+----------+-------------------------------------------
     0 | D:1      | Dantiko the Barachi Summoner began the quest for the Orb.
     0 | D:1      | Reached XP level 1. HP: 13/13 MP: 3/3
    58 | D:1      | Reached skill level 5 in Summonings
   681 | D:1      | Reached XP level 2. HP: 12/19 MP: 3/5
  1433 | D:2      | Reached skill level 6 in Summonings
  1433 | D:2      | Reached XP level 3. HP: 12/24 MP: 0/6
  1659 | D:2      | Learned a level 3 spell: Call Canine Familiar
  1774 | D:2      | Noticed Natasha
  1785 | D:2      | Killed Natasha
  1785 | D:2      | Reached XP level 4. HP: 16/30 MP: 4/8
  2105 | D:3      | Learned a level 4 spell: Summon Lightning Spire
  2152 | D:3      | HP: 1/30 [something/puff of flame (4)]
  2158 | D:3      | Slain by an orc

Levels and vault maps discovered:
D:1:      scummos_arrival_checkerplants, layout_basic
D:2:      layout_basic, uniq_natasha
D:3:      layout_basic, first_ration

Skill      XL: |  1  2  3 |
---------------+----------+-----
Summonings     | 5 6 |  6.4
Spellcasting   | 3 |  3.2
Dodging        | |  2.1
Stealth        | |  1.7
Air Magic      | |  0.1

Action                   |  1- 3 |  4- 6 || total
-------------------------+-------+-------++-------
Melee: Dagger            |    50 |    20 ||    70
       Unarmed           |     6 |       ||     6
 Cast: Summon Small Mamm |    38 |     9 ||    47
       Call Canine Famil |     3 |     6 ||     9
 Abil: Hop               |     3 |     1 ||     4
  Eat: Chunk             |     4 |     2 ||     6
Armor: Robe              |    10 |       ||    10
       Leather armour    |    13 |     8 ||    21
Dodge: Dodged            |    63 |    23 ||    86

Table legend:
 A = Non-vault XP
 B = Vault XP
 C = Vault XP percentage of total XP
 D = Non-vault monster count
 E = Vault monster count
 F = Vault count percentage of total count
                 A         B        C        D         E       F
            +---------+---------+-------+---------+---------+-------
      Total |     102 |      26 |  20.3 |      49 |       1 |   2.0
            +---------+---------+-------+---------+---------+-------
        D:1 |      11 |       0 |   0.0 |       9 |       0 |   0.0
        D:2 |      52 |      26 |  33.3 |      24 |       1 |   4.0
        D:3 |      39 |       0 |   0.0 |      16 |       0 |   0.0
            +---------+---------+-------+---------+---------+-------
